 Dungeon Crawl Stone Soup version 0.22.1-1-ga44c0e5 (console) character file.

252 raymoo the Digger (level 6, -6/32 HPs)
             Began as a Gargoyle Earth Elementalist on Sept 27, 2018.
             Mangled by andywizwrd's ghost (7 damage)
             ... on level 3 of the Dungeon.
             The game lasted 00:19:34 (3192 turns).

raymoo the Digger (Gargoyle Earth Elementalist)     Turns: 3192, Time: 00:19:35

Health: -6/32      AC:  6    Str: 16    XL:     6   Next: 13%
Magic:  0/11       EV: 12    Int: 18    God:
Gold:   200        SH:  0    Dex: 10    Spells: 3/12 levels left

rFire    + + .     SeeInvis .   o - +2 whip (venom)
rCold    + . .     Gourm    .   (no shield)
rNeg     + . .     Faith    .   c - +0 robe
rPois    ∞         Spirit   .   (no helmet)
rElec    +         Reflect  .   (no cloak)
rCorr    +         Harm     .   (no gloves)
MR       .....                  (no boots)
Stlth    ++........             i - amulet of rage
HPRegen  0.10/turn              n - ring of protection from fire
MPRegen  0.12/turn              (no ring)

@: mighty, resistant
A: negative energy resistance 1, electricity resistance, unbreathing,
petrification resistance, rot immunity, AC +4
a: Evoke Berserk Rage


You were on level 3 of the Dungeon.
You were hungry.

You visited 1 branch of the dungeon, and saw 3 of its levels.

You collected 200 gold pieces.

Inventory:

Hand Weapons
 o - a +2 whip of venom (weapon)
 w - a +0 morningstar
 x - a +0 dire flail
Missiles
 b - 52 stones (quivered)
Armour
 c - a +0 robe (worn)
Jewellery
 f - an uncursed ring of fire {unknown}
 i - an amulet of rage (around neck)
 l - an uncursed amulet of magic regeneration {unknown}
 n - a ring of protection from fire (left hand)
Wands
 m - a wand of random effects (20)
 s - a wand of flame (22)
Scrolls
 e - 2 scrolls of identify {unknown}
 h - a scroll of noise {unknown}
 r - a scroll of magic mapping {unknown}
Potions
 a - a potion of magic {unknown}
 j - a potion of might
 k - a potion of degeneration {unknown}
 p - a potion of flight {unknown}
 t - a potion of brilliance {unknown}
 u - a potion of heal wounds {unknown}
 v - a potion of berserk rage {unknown}
Comestibles
 d - 3 rations
 z - 2 chunks of flesh


   Skills:
 - Level 1.5 Dodging
 - Level 2.1 Stealth
 + Level 3.8 Spellcasting
 + Level 3.0 Conjurations
   Level 0.7 Transmutations
 + Level 5.6 Earth Magic


You had 3 spell levels left.
You knew the following spells:

 Your Spells              Type           Power        Failure   Level  Hunger
a - Sandblast             Erth           ###...       1%          1    None
b - Stone Arrow           Conj/Erth      ###...       8%          3    ###....
c - Lee's Rapid Deconstr  Erth           ###.......   38%         5    ######.

Your spell library contained the following spells:

 Spells                   Type           Power        Failure   Level  Hunger
 Passwall                 Tmut/Erth      ##......     6%          2    ##.....
 Petrify                  Tmut/Erth      ##......     38%         4    ####...


Dungeon Overview and Level Annotations

Branches:
Dungeon (3/15)

Altars:

Annotations:
D:3 andywizwrd's ghost, amateur MiFi


Innate Abilities, Weirdness & Mutations

You are resistant to torment.
Your stone body is resilient. (AC +4)
You are immune to poison.
You resist negative energy. (rN+)
You are resistant to electric shocks. (rElec)
You can survive without breathing.
You are immune to petrification.
You are immune to rotting.


Message History

Andywizwrd's ghost closely misses you.
You hit andywizwrd's ghost but do no damage.
Andywizwrd's ghost is almost destroyed.
Andywizwrd's ghost hits you.
* * * LOW HITPOINT WARNING * * *
Casting: Sandblast (safe; 1% risk of failure)
Confirm with . or Enter, or press ? or * to list all spells.
Aiming: Sandblast (safe; 1% risk of failure)
Press: ? - help, Shift-Dir - straight line, f/p - andywizwrd's ghost
Aim: andywizwrd's ghost, wielding a weapon of venom (almost destroyed)
The blast of sand hits andywizwrd's ghost.
Andywizwrd's ghost is almost destroyed.
b - 52 stones Andywizwrd's ghost hits you.
* * * LOW HITPOINT WARNING * * *
Okay, then.
It was a potion of resistance.
You feel protected. Andywizwrd's ghost hits you!
You die...

#.#.### #.#...#
#.###.# #.....#
####.#####.#
...........#
.......#####
...<........
.......####.
####### .......#
#.....# .......#
#@###.# ########
#####W# #.#
#P.#..# #.#
#8['..# #.#
########## #P.#..#
#.# ...#.....#
####..# #.#
##.#)###.#########
#.# #.#.#
#.).....#.# #.#
#.#.# #######.#.#
#.# #.#.#
#.........# #.#
#.#.#
#.#####.#.###.#


You could see andywizwrd's ghost.

Vanquished Creatures
  3 orc priests (D:3)
  An orc wizard (D:3)
  5 adders
  2 dart slugs
  3 worms
  2 leopard geckos
  10 orcs (D:3)
  2 ball pythons
  A giant cockroach (D:2)
  4 goblins
  8 hobgoblins
  8 jackals (D:2)
  9 kobolds
  7 bats
  7 rats
72 creatures vanquished.

Notes
Turn   | Place    | Note
-------+----------+-------------------------------------------
     0 | D:1      | raymoo the Gargoyle Earth Elementalist began the quest for
                  | the Orb.
     0 | D:1      | Reached XP level 1. HP: 10/10 MP: 3/3
   482 | D:1      | Reached skill level 4 in Earth Magic
   482 | D:1      | Reached XP level 2. HP: 15/15 MP: 5/5
  1110 | D:2      | Reached XP level 3. HP: 13/19 MP: 2/6
  1115 | D:2      | Learned a level 3 spell: Stone Arrow
  1627 | D:2      | Reached skill level 1 in Conjurations
  1628 | D:2      | Reached XP level 4. HP: 6/24 MP: 2/8
  2494 | D:3      | Reached skill level 5 in Earth Magic
  2512 | D:3      | Reached XP level 5. HP: 23/28 MP: 6/9
  2520 | D:3      | Learned a level 5 spell: Lee's Rapid Deconstruction
  3047 | D:3      | Reached XP level 6. HP: 32/32 MP: 4/11
  3137 | D:3      | Found a runed door.
  3140 | D:3      | Noticed andywizwrd's ghost (amateur MiFi)
  3191 | D:3      | HP: 1/32 [andywizwrd's ghost (3)]
  3192 | D:3      | Mangled by andywizwrd's ghost

Skill      XL: |  1  2  3  4  5  6 |
---------------+-------------------+-----
Earth Magic    | 4 5 |  5.6
Conjurations   | 1 2 3 |  3.0
Spellcasting   | 3 |  3.8
Dodging        | |  1.5
Stealth        | |  2.1
Transmutations | |  0.7

Action                   |  1- 3 |  4- 6 || total
-------------------------+-------+-------++-------
Melee: Spear             |   115 |       ||   115
       Whip              |     4 |   114 ||   118
Throw: Stone             |     3 |       ||     3
 Cast: Sandblast         |    25 |    18 ||    43
       Stone Arrow       |       |    11 ||    11
  Use: Scroll            |       |     2 ||     2
       Potion            |       |     5 ||     5
 Stab: Sleeping          |     2 |     2 ||     4
  Eat: Chunk             |     3 |     5 ||     8
Armor: Robe              |    48 |    35 ||    83
Dodge: Dodged            |    92 |    61 ||   153
